Map: Agria Valley

Players

A.I. 1 (Very Hard) - Winner!

  • Race: Zerg Zerg
  • Spawn Location: 5:00

NamroodTuo

  • Race: Terran Terran
  • Spawn Location: 11:00

VOD

Have the link to the VOD?

Description

Time

  • Played on: Jan. 3, 2023, 1:34 p.m.
  • Length: 3:48
Show
View Real Time Build Order
Export as new Build Order

A.I. 1 (Very Hard) Zerg - Winner!

Build Orders: Pool First 

Get SALT Encoding   

  12  0:00  Drone  
  13  0:08  Drone  
  14  0:17  Overlord  
  14  0:36  Spawning Pool  
  14  0:37  Extractor  
  14  0:39  Drone  
  13  0:43  Drone  
  13  0:47  Drone  
  15  1:22  Queen  
  15  1:23  Zergling x2  
  15  1:24  Zergling x4  
  20  1:43  Hatchery  
  19  1:48  Drone  
  20  1:54  Zergling x2  
  20  2:00  Zergling x2  
  22  2:11  Overlord  
  22  2:23  Baneling Nest  
  22  2:25  Drone  
  22  2:30  Zergling x2  
  22  2:36  Zergling x2  
  24  2:41  Zergling x2  
  25  2:46  Zergling x2  
  26  3:06  Baneling  
  26  3:12  Zergling x2  
  27  3:23  Overlord  
  27  3:29  Zergling x2  
Show
View Real Time Build Order
Export as new Build Order

NamroodTuo Terran 

Build Orders:  

Get SALT Encoding   

  12  0:00  SCV  
  13  0:14  Supply Depot  
  13  0:18  SCV  
  14  0:30  SCV  
  15  0:43  SCV  
  15  0:44  Barracks  
  16  0:55  SCV  
  17  1:07  SCV, Refinery  
  17  1:10  Refinery  
  18  1:18  Engineering Bay  
  18  1:19  SCV  
  19  1:29  Supply Depot  
  19  1:31  SCV  
  20  1:43  SCV  
  21  1:51  Marine  
  22  1:55  SCV  
  23  2:07  SCV  
  24  2:19  SCV  
  25  2:27  Bunker  
  25  2:31  SCV  
  25  2:34  Marine  
  27  2:44  SCV  
  28  2:52  Barracks, Marine  
  29  3:10  Marine  
  30  3:27  Marine  
Tags
 
Matchup
TvZ
Opening
Pool First
Replay Pack
Multiplayer
Spawn Locations
Cross Positions
Add a new tag
Caveats
  • Supply blocks, unpowered buildings, or Contaminate may cause inaccurate times.
  • Supply counts are checked every 10 seconds.